[Event "Kvibergspelen September 2019"]
[Site "Prioritet Serneke Arena, Krutvagen 2, Gothenburg, Sweden"]
[Date "2019.09.27"]
[Round "1.1"]
[White "Hillarp Persson, Tiger"]
[Black "Olsson, William"]
[Result "1-0"]
[TimeControl "15 minutes + 5 seconds per move from move one (Round 1 - 4) / 90 minutes + 30 seconds per move from move one (Round 5 - 8)"]
[WhiteTitle "GM"]
[WhiteFideId "1700812"]
[BlackFideId "1741721"]
[WhiteElo "2558"]
[BlackElo "1974"]

1. Nf3 d5 2. g3 Nf6 3. Bg2 Bf5 4. c4 c6 5. Qb3 Qb6 6. d3 e6 7. Be3 Qxb3 8. axb3 Bb4+ 9. Nc3 a6 10.
Nh4 Bg4 11. h3 Bh5 12. g4 Bg6 13. O-O Nbd7 14. Nxg6 hxg6 15. Rfd1 Ke7 16. d4 Bd6 17. Bg5 Rhe8 18. e4 dxe4 19.
Nxe4 Bc7 20. d5 exd5 21. cxd5 cxd5 22. Nc3 Kf8 23. Nxd5 Be5 24. Rac1 Rab8 25. Rc2 Nxd5 26. Rxd5 Nf6 27.
Rd1 b5 28. Be3 Red8 29. Rcd2 Rxd2 30. Rxd2 Kg8 31. b4 Rc8 32. Bb7 Rc1+ 33. Kg2 Ra1 34. Rd8+ Kh7 35. Rf8 Bxb2 36. Rxf7 Bc3 37. Bc5 Ng8 38.
g5 a5 39. Rf4 a4 40. Bd5 a3 41. Rf8 Nh6 42. gxh6 gxh6 43. Rf7+ Kh8 44. Ra7 Bb2 45. Bf8 h5 46. Ra8 Kh7 47.
Ra7+ Kh8 48. Bc5 Rd1 49. Bf7 Rd2 50. Bxg6 Bd4 51. Bxd4+ Rxd4 52. Rxa3 Rxb4 53. Bxh5 Kg7 54. Bf3 Rb2 55. Bd5 b4 56. Rb3 1-0

[Event "Kvibergspelen September 2019"]
[Site "Prioritet Serneke Arena, Krutvagen 2, Gothenburg, Sweden"]
[Date "2019.09.27"]
[Round "1.2"]
[White "Moller, Mikael"]
[Black "Blomqvist, Erik"]
[Result "0-1"]
[TimeControl "15 minutes + 5 seconds per move from move one (Round 1 - 4) / 90 minutes + 30 seconds per move from move one (Round 5 - 8)"]
[BlackTitle "GM"]
[WhiteFideId "1738461"]
[BlackFideId "1709437"]
[WhiteElo "1973"]
[BlackElo "2519"]

1. g3 c5 2. Bg2 g6 3. c4 Bg7 4. Nc3 Nc6 5. d3 d6 6. Bd2 Qd7 7. a3 b6 8. b4 Bb7 9. b5 Nd4 10.
Nf3 Nxf3+ 11. exf3 Nh6 12. O-O Nf5 13. a4 a5 14. Ra2 h5 15. h4 O-O-O 16. Re1 e6 17. f4 Nd4 18. Ne4 d5 19.
cxd5 Qxd5 0-1

[Event "Kvibergspelen September 2019"]
[Site "Prioritet Serneke Arena, Krutvagen 2, Gothenburg, Sweden"]
[Date "2019.09.27"]
[Round "1.3"]
[White "Schandorff, Lars"]
[Black "Wallenas, Joakim"]
[Result "1-0"]
[TimeControl "15 minutes + 5 seconds per move from move one (Round 1 - 4) / 90 minutes + 30 seconds per move from move one (Round 5 - 8)"]
[WhiteTitle "GM"]
[WhiteFideId "1400070"]
[BlackFideId "1728458"]
[WhiteElo "2496"]
[BlackElo "1966"]

1. d4 Nf6 2. Nf3 e6 3. g3 c5 4. Bg2 Nc6 5. O-O d5 6. c4 dxc4 7. dxc5 Qxd1 8. Rxd1 Bxc5 9. Nbd2 c3 10.
bxc3 O-O 11. Nb3 Bb6 12. Nfd4 Bd7 13. a4 Na5 14. Nxa5 Bxa5 15. Bb2 Rac8 16. Nb5 a6 17. Nd6 Rc7 18.
c4 Bc6 19. Bxc6 bxc6 20. Bxf6 gxf6 21. Ne4 Kg7 22. Nc5 Ra8 23. Rab1 f5 24. Rb3 Kf6 25. Kg2 Ke7 26. Rd4 Raa7 27.
Rdd3 Rc8 28. e4 fxe4 29. Nxe4 c5 30. Rb1 Rd8 31. Rxd8 Bxd8 32. Nxc5 Rc7 33. Nxa6 Rxc4 34. Rb4 Rxb4 35. Nxb4 Kd6 36. Nd3 Kd5 37.
Kf3 e5 38. Ke2 f5 39. f4 e4 40. Ne5 Bc7 41. Nf7 Ke6 42. Ng5+ Kd5 43. Nxh7 Bb6 44. Ng5 Bg1 45. h4 Bh2 46.
Kf2 e3+ 47. Kxe3 Bxg3 48. h5 Bh2 49. Nf3 Bg3 50. h6 1-0

[Event "Kvibergspelen September 2019"]
[Site "Prioritet Serneke Arena, Krutvagen 2, Gothenburg, Sweden"]
[Date "2019.09.27"]
[Round "1.4"]
[White "Wiklund, Johan"]
[Black "Cramling, Pia"]
[Result "0-1"]
[TimeControl "15 minutes + 5 seconds per move from move one (Round 1 - 4) / 90 minutes + 30 seconds per move from move one (Round 5 - 8)"]
[BlackTitle "GM"]
[WhiteFideId "1713817"]
[BlackFideId "1700030"]
[WhiteElo "1960"]
[BlackElo "2487"]

1. Nf3 c5 2. c4 Nc6 3. d4 cxd4 4. Nxd4 e5 5. Nc2 Bc5 6. Nc3 Nf6 7. Be3 Bxe3 8. Nxe3 d6 9. g3 O-O 10.
Bg2 Be6 11. O-O Rc8 12. Ned5 Bxd5 13. Nxd5 a6 14. Rc1 Nxd5 15. Bxd5 Qb6 16. Qd2 Nb4 17. b3 Nxd5 18. Qxd5 Rc5 19.
Qd2 Rfc8 20. Rfd1 R8c6 21. e4 Kf8 22. Qg5 Qc7 23. f4 exf4 24. Qxf4 b5 25. Rd4 Qe7 26. Rcd1 bxc4 27. Rxd6 Rxd6 28.
Qxd6 Qxd6 29. Rxd6 Ke7 30. Rd2 Ke6 31. Rc2 Ke5 32. bxc4 a5 33. Kg2 Kxe4 34. Kh3 Kd4 35. g4 Rxc4 36. Rd2+ Ke5 37. Rd7 Ke6 38. Ra7 Ra4 39. Ra6+ Ke5 40.
Ra7 Kf6 41. Ra6+ Kg5 42. Ra7 Ra3+ 43.
Kg2 Rxa2+ 44. Kf3 Ra3+ 45. Ke4 Kg6 46. h4 Ra4+ 47. Kf3 f6 0-1

[Event "Kvibergspelen September 2019"]
[Site "Prioritet Serneke Arena, Krutvagen 2, Gothenburg, Sweden"]
[Date "2019.09.27"]
[Round "1.6"]
[White "Stenman, Christoffer"]
[Black "Hector, Jonny"]
[Result "0-1"]
[TimeControl "15 minutes + 5 seconds per move from move one (Round 1 - 4) / 90 minutes + 30 seconds per move from move one (Round 5 - 8)"]
[BlackTitle "GM"]
[WhiteFideId "1713604"]
[BlackFideId "1700090"]
[WhiteElo "1943"]
[BlackElo "2477"]

1. e4 e5 2. Nf3 Nc6 3. Bc4 Nf6 4.
d4 exd4 5. O-O Nxe4 6. Re1 d5 7. Bxd5 Qxd5 8. Nc3 Qd7 9. Nxe4 Be7 10. Bg5 O-O 11. Bxe7 Qxe7 12. Nxd4 Bd7 13. Nb5 Be6 14.
Qh5 h6 15. Re3 a6 16. Nbc3 Nd4 17. Rg3 f5 18. Nd2 Rad8 19. Nb3 Nxc2 20. Rc1 f4 21. Rf3 Bxb3 22. axb3 Nd4 23. Rh3 f3 24.
gxf3 Rf5 25. Qh4 Nxf3+ 0-1

[Event "Kvibergspelen September 2019"]
[Site "Prioritet Serneke Arena, Krutvagen 2, Gothenburg, Sweden"]
[Date "2019.09.27"]
[Round "1.7"]
[White "Seo, Jung Min"]
[Black "Svensson, Soren"]
[Result "1-0"]
[TimeControl "15 minutes + 5 seconds per move from move one (Round 1 - 4) / 90 minutes + 30 seconds per move from move one (Round 5 - 8)"]
[WhiteTitle "FM"]
[WhiteFideId "1734687"]
[BlackFideId "1714937"]
[WhiteElo "2437"]
[BlackElo "1942"]

1. c4 e5 2. Nc3 Nf6 3. Nf3 Nc6 4. e3 d5 5. cxd5 Nxd5 6. d3 Be6 7. Be2 Be7 8. O-O O-O 9. a3 a6 10.
Bd2 Qd7 11. Rc1 f5 12. Qc2 Rae8 13. Rfd1 Nb6 14. b4 Bd6 15. Ng5 h6 16. Nxe6 Qxe6 17. Bf3 Kh8 18. Bxc6 bxc6 19. Ne2 f4 20.
exf4 exf4 21. Nd4 Qf6 22. Nf3 Re2 23. Qxc6 Qb2 24. Qc2 Qf6 25. Qc6 Qb2 26. Qc3 Qxc3 27. Rxc3 Rfe8 28. h3 Na4 29.
Rb3 c5 30. Kf1 Nb6 31. bxc5 Bxc5 32. d4 1-0

[Event "Kvibergspelen September 2019"]
[Site "Prioritet Serneke Arena, Krutvagen 2, Gothenburg, Sweden"]
[Date "2019.09.27"]
[Round "1.8"]
[White "Ehrenreich, Simon"]
[Black "Le, Quang Long"]
[Result "0-1"]
[TimeControl "15 minutes + 5 seconds per move from move one (Round 1 - 4) / 90 minutes + 30 seconds per move from move one (Round 5 - 8)"]
[BlackTitle "IM"]
[WhiteFideId "1457292"]
[BlackFideId "12401749"]
[WhiteElo "1937"]
[BlackElo "2415"]

1. d4 Nf6 2. c4 c5 3. d5 b5 4. cxb5 a6 5. bxa6 g6 6. Nc3 Bxa6 7. e4 Bxf1 8. Kxf1 d6 9. g3 Bg7 10.
Kg2 O-O 11. Rb1 Nbd7 12. b3 Qa5 13. Bd2 Ne5 14. a4 Rfb8 15. Nb5 Qd8 16. Qc2 Ne8 17. Ne2 Nc7 18. Nec3 Na6 19. Na2 Rc8 20.
f4 Ng4 21. h3 Nf6 22. Rhc1 Qd7 23.
Bc3 e6 24. Qd3 exd5 25. exd5 c4 26. bxc4 Nc5 27. Qf1 Rxa4 28. Nb4 Nce4 29. Be1 Rca8 30. Nc6 Ra2+ 31. Kg1 Nh5 32. Rb3 Ra1 33.
Rxa1 Rxa1 34. Ra3 Nhxg3 35. Rxa1 Nxf1 36. Kxf1 Qxh3+ 37. Ke2 Bxa1 0-1

[Event "Kvibergspelen September 2019"]
[Site "Prioritet Serneke Arena, Krutvagen 2, Gothenburg, Sweden"]
[Date "2019.09.27"]
[Round "1.9"]
[White "Lindberg, Bengt"]
[Black "Mitra, Akash"]
[Result "1-0"]
[TimeControl "15 minutes + 5 seconds per move from move one (Round 1 - 4) / 90 minutes + 30 seconds per move from move one (Round 5 - 8)"]
[WhiteTitle "IM"]
[WhiteFideId "1700359"]
[BlackFideId "1726714"]
[WhiteElo "2397"]
[BlackElo "1928"]

1. e4 c6 2. d4 d5 3. exd5 cxd5 4. c4 Nf6 5. Nc3 Nc6 6.
Bg5 e6 7. Nf3 Be7 8. c5 h6 9. Bf4 a6 10. Bd3 O-O 11. O-O b6 12. cxb6 Qxb6 13. Na4 Qa7 14. a3 Bd7 15. b4 Ne4 16.
Nc5 Bf6 17. Nxe4 dxe4 18. Bxe4 Nxd4 19. Bxa8 Rxa8 20. Be3 e5 21. Re1 Bc6 22. Bxd4 exd4 23. Ne5 Bd5 24. Qg4 Rd8 25. Rad1 Be6 26.
Qg3 Rd5 27. Ng4 Bxg4 28. Qxg4 Qd7 29. Qxd7 Rxd7 30. Re8+ Kh7 31. Rd3 Rc7 32. g3 Rb7 33. Rc8 Rb6 34. Kg2 g5 35. Rc5 Kg6 36. g4 h5 37. gxh5+ Kxh5 38.
f4 Kg6 39. fxg5 Bxg5 40. Rg3 1-0

[Event "Kvibergspelen September 2019"]
[Site "Prioritet Serneke Arena, Krutvagen 2, Gothenburg, Sweden"]
[Date "2019.09.27"]
[Round "1.10"]
[White "Lindholm, Gustav"]
[Black "Pantzar, Milton"]
[Result "0-1"]
[TimeControl "15 minutes + 5 seconds per move from move one (Round 1 - 4) / 90 minutes + 30 seconds per move from move one (Round 5 - 8)"]
[BlackTitle "FM"]
[WhiteFideId "1736515"]
[BlackFideId "1721003"]
[WhiteElo "1923"]
[BlackElo "2376"]

1. d4 d5 2. c4 e6 3. Nc3 c6 4. Nf3 dxc4 5. a4 Bb4 6. e3 b5 7. Bd2 a5 8. axb5 Bxc3 9. Bxc3 cxb5 10.
b3 Bb7 11. bxc4 b4 12. Bb2 Nf6 13. Bd3 Nbd7 14. O-O O-O 15. Re1 Ne4 16. Bxe4 Bxe4 17. Nd2 Bb7 18. e4 Qc7 19. Re3 e5 20.
Rg3 Ra6 21. dxe5 Nxe5 22. f4 Ng6 23. Qg4 a4 24. f5 a3 25. Bd4 Rd8 26. Nf3 Qxc4 27. fxg6 Rxg6 28. Qf5 Rxd4 29. Ne5 Qe6 30.
Nxg6 hxg6 31. Qb5 Rxe4 32. Rf3 Qc4 33. Qxb7 Qd4+ 34. Rf2 Qxa1+ 35. Rf1 Qd4+ 36. Kh1 Qc4 37. Qb8+ Kh7 38. Qg3 Qxf1# 0-1

[Event "Kvibergspelen September 2019"]
[Site "Prioritet Serneke Arena, Krutvagen 2, Gothenburg, Sweden"]
[Date "2019.09.27"]
[Round "1.11"]
[White "Akesson, Ralf"]
[Black "Strom-Engdahl, Alexander"]
[Result "1-0"]
[TimeControl "15 minutes + 5 seconds per move from move one (Round 1 - 4) / 90 minutes + 30 seconds per move from move one (Round 5 - 8)"]
[WhiteTitle "GM"]
[WhiteFideId "1700120"]
[BlackFideId "1741586"]
[WhiteElo "2367"]
[BlackElo "1921"]

1. Nf3 Nf6 2. c4 e6 3. Nc3 d5 4. d4 Bb4 5. cxd5 exd5 6. Bg5 O-O 7. e3 c6 8. Bd3 Qa5 9. O-O Nbd7 10.
Qc2 Re8 11. Bh4 Bxc3 12. bxc3 Ne4 13. c4 Ndf6 14. cxd5 cxd5 15. Rfc1 Be6 16. Qc7 Qxc7 17. Rxc7 b6 18. Ba6 Kf8 19.
Rac1 Re7 20. R7c2 Bf5 21. Rb2 Ree8 22. Ne5 Bc8 23. Bd3 g5 24. Bg3 Nxg3 25. hxg3 Be6 26. Ba6 Bc8 27. Bb5 Rd8 28.
Rc7 Be6 29. Ba6 Nd7 30. Nc6 Re8 31. Nxa7 Reb8 32. Bb5 Nf6 33. Rbc2 Ne8 34. Bxe8 Kxe8 35. Nb5 Kf8 36. f3 Ra5 37.
Nc3 Ke8 38. g4 Kd8 39. Rc6 Kd7 40. Ne2 Rxa2 41. Rc7+ Kd8 42. Rxa2 Kxc7 43. Nc1 b5 44. Nb3 f5 45. gxf5 Bxf5 46. Kf2 Kb6 47. Nc5 b4 48.
g4 Bc8 49. Ke2 Kb5 50. Kd3 Bb7 51. Ra7 Kb6 52. Ra1 Kb5 53. Rh1 Ba6 54. Rxh7 Ka5+ 55. Kc2 Be2 56. Rf7 Kb5 57. Kd2 Bf1 58.
f4 gxf4 59. Rxf4 Bg2 60. g5 Kc4 61. Kc2 Be4+ 62. Nxe4 dxe4 63. Rxe4 b3+ 64. Kb2 Ra8 65. d5+ Kxd5 66. Rd4+ Ke5 67. Kxb3 Rg8 68. Rb4 Rxg5 69. Rb5+ Kf6 70. Rxg5 Kxg5 71. Kc4 Kf6 72. Kd5 Kf7 73. Kd6 Ke8 74. e4 Kd8 75. Ke6 Kc7 76. e5 Kd8 77.
Kf7 1-0

[Event "Kvibergspelen September 2019"]
[Site "Prioritet Serneke Arena, Krutvagen 2, Gothenburg, Sweden"]
[Date "2019.09.27"]
[Round "1.12"]
[White "Salholm, Soren"]
[Black "Bellon Lopez, Juan"]
[Result "0-1"]
[TimeControl "15 minutes + 5 seconds per move from move one (Round 1 - 4) / 90 minutes + 30 seconds per move from move one (Round 5 - 8)"]
[BlackTitle "GM"]
[WhiteFideId "1722824"]
[BlackFideId "2200031"]
[WhiteElo "1912"]
[BlackElo "2334"]

1. e4 c5 2. Nf3 e6 3. Bb5 a6 4. Be2 Nc6 5. O-O Nf6 6. d3 d5 7. exd5 Nxd5 8. Re1 Bd6 9. Bf1 O-O 10.
c3 b6 11. Na3 Bb7 12. Nc2 Qf6 13. d4 Rac8 14. Ne3 Nf4 15. Nc4 Bc7 16. g3 Nd5 17. Bg2 h6 18. a4 cxd4 19. Nxd4 Nxd4 20.
cxd4 Rfd8 21. Qb3 Qxd4 22. Be3 Qf6 23. Nxb6 Rb8 24. a5 Nxe3 25. Rxe3 Bxg2 26. Kxg2 Qd4 27. Qc3 Bxb6 28. axb6 Rxb6 29.
Qc7 Qd5+ 30. Rf3 Rb7 31. Qc3 Rdb8 32. Ra3 Rxb2 33. Qd3 Qxd3 34. Rfxd3 R2b6 35. Rd7 Ra8 36. Ra5 Rb5 37. Rxb5 axb5 38.
Rb7 Ra5 39. Rb8+ Kh7 40. Kf3 Kg6 41. Rb7 Ra3+ 42. Ke4 Rb3 43.
f4 h5 44. Rb6 Kf6 45. Kd4 0-1

[Event "Kvibergspelen September 2019"]
[Site "Prioritet Serneke Arena, Krutvagen 2, Gothenburg, Sweden"]
[Date "2019.09.27"]
[Round "1.14"]
[White "Bergre, Joachim"]
[Black "Sorensen, Hampus"]
[Result "1/2-1/2"]
[TimeControl "15 minutes + 5 seconds per move from move one (Round 1 - 4) / 90 minutes + 30 seconds per move from move one (Round 5 - 8)"]
[BlackTitle "FM"]
[WhiteFideId "1704893"]
[BlackFideId "8703884"]
[WhiteElo "1909"]
[BlackElo "2319"]

1. Nf3 d5 2. c4 d4 3. b4 Bg4 4. a3 a5 5. Bb2 Bxf3 6. gxf3 e5 7. b5 Nd7 8. d3 Ne7 9. f4 Ng6 10.
fxe5 Ndxe5 11. Nd2 Bc5 12. Ne4 Be7 13. Ng3 O-O 14. Bg2 c6 15. O-O Qd7 16. a4 Nf4 17. e3 Nxg2 18. Kxg2 Bc5 19.
e4 Ng6 20. f4 f5 21. Nxf5 Rxf5 22. exf5 Qxf5 23. Bc1 Bd6 24. Ra2 Bxf4 25. Kh1 Rf8 26. Raf2 Qe5 27. Bxf4 Nxf4 28. Qg4 g5 29.
Rg1 h6 30. h4 Nxd3 31. Rxf8+ Kxf8 32. Rf1+ Nf4 33. hxg5 hxg5 34. Qc8+ Kg7 35. Qxb7+ Kg8 36. Qxc6 Qh8+ 37. Kg1 Qh4 38. Qe8+ Kg7 39. Qd7+ Kg8 40. Qd8+ Kg7 41. Qxd4+ Kg8 42. Rxf4 gxf4 43. Qd5+ Kf8 44.
Qf5+ Ke8 45. Qe4+ Kf8 46. b6 Qg3+ 47. Kf1 f3 48. Qf5+ Ke8 49. Qe6+ Kf8 50. Qf6+ Ke8 51. Qe6+ Kf8 52. Qf6+ Ke8 1/2-1/2

[Event "Kvibergspelen September 2019"]
[Site "Prioritet Serneke Arena, Krutvagen 2, Gothenburg, Sweden"]
[Date "2019.09.27"]
[Round "1.15"]
[White "Ziegler, Ari"]
[Black "Andersson, Kjell-Ake"]
[Result "1-0"]
[TimeControl "15 minutes + 5 seconds per move from move one (Round 1 - 4) / 90 minutes + 30 seconds per move from move one (Round 5 - 8)"]
[WhiteTitle "IM"]
[WhiteFideId "1700987"]
[BlackFideId "1713825"]
[WhiteElo "2299"]
[BlackElo "1905"]

1. e4 e6 2. d4 d5 3. Nd2 Nf6 4.
e5 Nfd7 5. Bd3 c5 6. c3 Nc6 7. Ne2 Qb6 8. Nf3 cxd4 9. cxd4 f6 10. exf6 Nxf6 11. O-O Bd7 12. b3 Bd6 13. Bb2 O-O 14.
Rc1 Ng4 15. Ng3 Bf4 16. Rc5 Nb4 17. Bb1 Bb5 18. Re1 Rae8 19. a3 Nc6 20. b4 Nd8 21. Qc2 g6 22. Bc1 Bxc1 23. Qxc1 Nf7 24.
h4 Bc4 25. h5 e5 26. hxg6 hxg6 27. Rxc4 dxc4 28. Qxc4 Rc8 29. Qb3 Kg7 30. Ne4 exd4 31. Ba2 Nfe5 32. Nc5 1-0

[Event "Kvibergspelen September 2019"]
[Site "Prioritet Serneke Arena, Krutvagen 2, Gothenburg, Sweden"]
[Date "2019.09.27"]
[Round "1.16"]
[White "Adolfsson, Kjell"]
[Black "Storme, Isak"]
[Result "1-0"]
[TimeControl "15 minutes + 5 seconds per move from move one (Round 1 - 4) / 90 minutes + 30 seconds per move from move one (Round 5 - 8)"]
[BlackTitle "FM"]
[WhiteFideId "1714961"]
[BlackFideId "1728113"]
[WhiteElo "1899"]
[BlackElo "2272"]

1. Nc3 Nf6 2. Nf3 c5 3. d4 cxd4 4. Nxd4 d5 5. Bf4 Nc6 6. Ndb5 e5 7. Bg5 d4 8. Bxf6 gxf6 9. Nd5 Bd6 10.
e4 a6 11. Nxd6+ Qxd6 12. Qf3 f5 13. exf5 Nb4 14. Nxb4 Qxb4+ 15. Kd1 Qxb2 16. Rc1 Qxa2 17. Bd3 f6 18. Re1 O-O 19. Be4 Kh8 20.
Bd5 Qb2 21. Re4 Qb5 22. Rh4 Qd7 23. Qh5 a5 24. Rb1 a4 25. Be6 Qe7 26. Qh6 Bxe6 27. fxe6 a3 28. Rh3 a2 29. Ra1 Rg8 30.
Ke2 Rxg2 31. Kf1 Rg7 32. Rf3 Qxe6 33. Qxf6 Qc4+ 34. Ke1 Ra6 35. Qxe5 Qb4+ 36. Kf1 Ra8 37. Rg3 Qb1+ 38. Kg2 Rag8 39.
Qxd4 Qxc2 40. Qf6 Qe4+ 41. Kf1 Qc4+ 42. Kg2 b5 43. Kh3 Qc8+ 44. Kg2 Qc4 45. Kh3 b4 46. f4 b3 47. Rag1 Qc8+ 48.
f5 b2 49. Rxg7 Qxf5+ 50. Qxf5 Rxg7 51. Qf8+ Rg8 52. Qxg8# 1-0

[Event "Kvibergspelen September 2019"]
[Site "Prioritet Serneke Arena, Krutvagen 2, Gothenburg, Sweden"]
[Date "2019.09.27"]
[Round "1.17"]
[White "Sidorchuk, Dmitry"]
[Black "Olofsson, Hans-Erik"]
[Result "1-0"]
[TimeControl "15 minutes + 5 seconds per move from move one (Round 1 - 4) / 90 minutes + 30 seconds per move from move one (Round 5 - 8)"]
[WhiteFideId "14110903"]
[BlackFideId "1716212"]
[WhiteElo "2266"]
[BlackElo "1898"]

1. d4 Nf6 2. c4 g6 3. Nc3 d5 4. cxd5 Nxd5 5. e4 Nxc3 6. bxc3 Bg7 7. Nf3 O-O 8. Rb1 c5 9. Be2 Qa5 10. Qd2 cxd4 11. cxd4 Qxd2+ 12. Bxd2 Nc6 13.
d5 Nd4 14. Nxd4 Bxd4 15. O-O Bc5 16. Rfc1 b6 17. Bb4 Bxb4 18. Rxb4 Rd8 19. Rc7 e6 20. Bf3 Rd7 21. Rbc4 Rxc7 22.
Rxc7 a5 23. d6 Ba6 24. e5 Rd8 25. Bb7 Bb5 26. f4 Kf8 27. Kf2 h5 28. Bc6 Bc4 29. a4 Bb3 30. Bb5 Bd5 31. g3 Rb8 32.
h3 Rd8 33. g4 hxg4 34. hxg4 Rb8 35. Kg3 Rd8 36. Kh4 Bf3 37.
Kg5 Rb8 38. Kf6 Rb7 39. Rc8# 1-0

[Event "Kvibergspelen September 2019"]
[Site "Prioritet Serneke Arena, Krutvagen 2, Gothenburg, Sweden"]
[Date "2019.09.27"]
[Round "1.18"]
[White "Sjodahl, Olof"]
[Black "Malmstig, Erik"]
[Result "0-1"]
[TimeControl "15 minutes + 5 seconds per move from move one (Round 1 - 4) / 90 minutes + 30 seconds per move from move one (Round 5 - 8)"]
[BlackTitle "FM"]
[WhiteFideId "1735292"]
[BlackFideId "1702866"]
[WhiteElo "1897"]
[BlackElo "2257"]

1. e4 c5 2. Nf3 d6 3. d4 cxd4 4. Qxd4 a6 5. c4 Nc6 6. Qe3 Nf6 7. Nc3 g6 8. Be2 Bg7 9. O-O O-O 10.
Bd2 Ng4 11. Qd3 f5 12. Ng5 Nf6 13. f3 h6 14. Nh3 Ne5 15. Qc2 fxe4 16. fxe4 Bxh3 17. gxh3 Qd7 18. Bf4 Qxh3 19. Bxe5 dxe5 20.
Rf3 Qe6 21. c5 Kh7 22. Rg3 Rfd8 23. Kh1 Rg8 24. Rag1 Bh8 25. b4 Rad8 26. h4 Rd4 27. a3 Qc6 28. Bf3 Nd7 29. Bh5 Nf8 30.
Bg4 Qf6 31. Qh2 e6 32. Qh3 h5 33. Bxh5 Rd7 34. Rf3 Qd8 35. Bg4 Re7 36. Rgf1 Bg7 37. h5 g5 38. Nd1 Qd4 39. Nf2 Bh6 40.
Rd3 Qc4 41. Rc3 Qb5 42. Re1 Rgg7 43. Be2 Qc6 44. Bc4 g4 45. Qg3 Bf4 46. Qh4 g3 47. Ng4 Rxg4 48. Qxg4 Rg7 49. Qf3 Qe8 50. Rd3 Qe7 51. Kg2 Nd7 52.
Rd6 Nf8 53. Rh1 Rf7 54. Qg4 Qf6 55. Bxe6 Nxe6 56. Rxe6 Qg7 57. Rg6 Qf8 58. Qe6 Be3 59. Qxe5 Rf2+ 60. Kh3 g2 61. Qc7+ Rf7 62.
Qxf7+ Qxf7 63. Kxg2 Qf2+ 64. Kh3 Qf3+ 65. Rg3 Qxh1+ 66. Kg4 Qxe4+ 0-1

[Event "Kvibergspelen September 2019"]
[Site "Prioritet Serneke Arena, Krutvagen 2, Gothenburg, Sweden"]
[Date "2019.09.27"]
[Round "1.19"]
[White "Pham, Bich Ngoc"]
[Black "Dingertz, Erik"]
[Result "1-0"]
[TimeControl "15 minutes + 5 seconds per move from move one (Round 1 - 4) / 90 minutes + 30 seconds per move from move one (Round 5 - 8)"]
[WhiteTitle "WIM"]
[WhiteFideId "12401285"]
[BlackFideId "1741578"]
[WhiteElo "2244"]
[BlackElo "1896"]

1. g3 Nf6 2. Bg2 d5 3. f4 e6 4. Nf3 c5 5. d3 Nc6 6. O-O Be7 7. Nc3 d4 8. Nb1 O-O 9. Kh1 Rb8 10.
e4 dxe3 11. Bxe3 Nd5 12. Bg1 Bf6 13. c3 b5 14. Bxc5 Re8 15. d4 b4 16. Ne5 Bxe5 17. fxe5 Ne3 18. Qe2 Nxg2 19. Kxg2 Bb7 20.
Kg1 Qd5 21. c4 Nxd4 22. cxd5 Nxe2+ 23. Kf2 Bxd5 24. Nd2 Rec8 25. Bd6 Rc2 26. Kxe2 Rbc8 27. b3 a5 28. Rf4 g5 29. Rd4 R8c3 30.
a3 Bf3+ 31. Kf1 bxa3 32. Rxa3 g4 33. Be7 Rc1+ 34. Kf2 Rh1 35. Nxf3 gxf3 36. Rg4+ 1-0

[Event "Kvibergspelen September 2019"]
[Site "Prioritet Serneke Arena, Krutvagen 2, Gothenburg, Sweden"]
[Date "2019.09.27"]
[Round "1.20"]
[White "Sjodahl, Sten"]
[Black "Petersson, Baldur Teodor"]
[Result "0-1"]
[TimeControl "15 minutes + 5 seconds per move from move one (Round 1 - 4) / 90 minutes + 30 seconds per move from move one (Round 5 - 8)"]
[BlackTitle "CM"]
[WhiteFideId "1717103"]
[BlackFideId "2309157"]
[WhiteElo "1891"]
[BlackElo "2238"]

1. e4 c5 2. Nf3 e6 3.
d4 cxd4 4. Nxd4 a6 5. Be3 Nf6 6. f3 Qc7 7.
Qd2 d5 8. Bg5 dxe4 9. Bxf6 gxf6 10. fxe4 Nc6 11. Nc3 h5 12. Qf2 Bc5 13. Nce2 Nxd4 14. Nxd4 Qb6 15. O-O-O e5 16. Qd2 Bxd4 0-1

[Event "Kvibergspelen September 2019"]
[Site "Prioritet Serneke Arena, Krutvagen 2, Gothenburg, Sweden"]
[Date "2019.09.27"]
[Round "2.1"]
[White "Svensson, Mikael"]
[Black "Hillarp Persson, Tiger"]
[Result "0-1"]
[TimeControl "15 minutes + 5 seconds per move from move one (Round 1 - 4) / 90 minutes + 30 seconds per move from move one (Round 5 - 8)"]
[BlackTitle "GM"]
[WhiteFideId "1716433"]
[BlackFideId "1700812"]
[WhiteElo "2163"]
[BlackElo "2558"]

1. d4 g6 2. Nf3 Bg7 3.
Nbd2 d6 4. e4 Nd7 5. c3 e5 6. Be2 Ngf6 7. O-O O-O 8. Re1 b6 9. Bf1 Bb7 10. Qc2 Re8 11. a4 d5 12. exd5 exd4 13.
Rxe8+ Qxe8 14. Nxd4 Nxd5 15. N2f3 a6 16. Bd2 c5 17. Re1 Qc8 18. Ne2 Qc7 19. Qc1 Re8 20. Ng3 Rxe1 21. Qxe1 Nf8 22.
Bc4 Qc6 23. Qf1 Qxa4 24. Qd3 Nc7 25. Ng5 Nce6 26. h3 Nxg5 27. Bxg5 Qc6 28. f3 b5 29. Ba2 c4 30. Qd8 Qd5 31.
Ne4 Qxd8 32. Bxd8 Bxe4 33. fxe4 Ne6 34. Bb6 Bf8 35. Kf2 Bc5+ 36. Bxc5 Nxc5 37. Ke3 Na4 38. Kd4 Nxb2 39.
Bb1 Kf8 40. Kc5 Nd1 41. Kb6 Nxc3 42. Bc2 b4 0-1

[Event "Kvibergspelen September 2019"]
[Site "Prioritet Serneke Arena, Krutvagen 2, Gothenburg, Sweden"]
[Date "2019.09.27"]
[Round "2.2"]
[White "Blomqvist, Erik"]
[Black "Rishovd, Svein"]
[Result "1-0"]
[TimeControl "15 minutes + 5 seconds per move from move one (Round 1 - 4) / 90 minutes + 30 seconds per move from move one (Round 5 - 8)"]
[WhiteTitle "GM"]
[BlackTitle "CM"]
[WhiteFideId "1709437"]
[BlackFideId "1513060"]
[WhiteElo "2519"]
[BlackElo "2158"]

1. e4 c5 2. Nf3 e6 3. c3 d5 4. exd5 Qxd5 5. d4 Nf6 6. Na3 Nc6 7. Be3 cxd4 8. Nb5 Qd8 9. Nbxd4 Be7 10.
Nxc6 Qxd1+ 11. Rxd1 bxc6 12. Ne5 Bb7 13. Nc4 Nd5 14. Bd4 c5 15. Bxg7 Rg8 16. Be5 O-O-O 17. Na5 f6 18. Bg3 f5 19. Be5 Nf6 20. Rxd8+ Rxd8 21.
Nxb7 Kxb7 22. Bc4 Ng4 23. Bf4 e5 24. Bc1 Rd6 25. Ke2 Kc6 26. h3 Nf6 27. g4 f4 28. Kf3 h6 29. Re1 Nd7 30.
a4 Bf6 31. Ke4 Nb6 32. Bb5+ Kb7 33. a5 Nd5 34. Re2 Nc7 35. Ba4 Ka6 36. Rd2 Rxd2 37. Bxd2 Kxa5 38. Bd7 Kb6 39. Kf5 Bg7 40. c4 Na6 41. Bc3 Nb4 42. Kg6 Bf8 43. Bxe5 Nd3 44.
Kf5 Nxf2 45. Bxf4 Nxh3 46. Be3 Kc7 47. Be6 Ng5 48. Bd5 Kd6 49. Kg6 Ne6 50. Bxe6 Kxe6 51. Bxh6 Be7 52. Bd2 Bf6 53. b3 Bd4 54.
Bf4 a6 55. Bc7 Ke7 56. Kf5 Kf7 57.
g5 Kg7 58. Be5+ Bxe5 59. Kxe5 Kg6 60. Kd5 1-0